 Dungeon Crawl Stone Soup version 0.30-a0-857-gcaf70739d4 (webtiles) character file.

Game seed: 13202320143486599563

1581 jimonade the Thaumaturge (level 9, -14/58 HPs)
             Began as a Djinni Warper on Mar 5, 2023.
             Demolished by a troll (18 damage)
             ... on level 8 of the Dungeon.
             The game lasted 00:20:18 (7180 turns).

jimonade the Thaumaturge (Djinni Warper)            Turns: 7180, Time: 00:20:19

Health: -14/58     AC:  2    Str: 14    XL:     9   Next: 14%
Gold:   283        EV: 25    Int: 15    God:
                   SH:  0    Dex: 18

rFire   x . .      SeeInvis .    a - melded +2 dagger (venom)
rCold   + . .      Faith    .    (shield currently unavailable)
rNeg    . . .      Spirit   .    D - melded +1 leather armour
rPois   ∞          Reflect  .    E - melded +0 helmet
rElec   .          Rampage  .    i - melded +2 cloak {rCorr}
rCorr   .                        G - melded +0 pair of gloves
Will    .....                    (boots unavailable)
Stlth   ++                       z - amulet of the acrobat
HPRegen 0.29/turn                j - +5 ring of evasion
MPRegen 0.00/turn                B - ring of ice

@: about to teleport, spider-form, flying
A: venomous fangs, flying, sickness immunity, tiny, (fire resistance 2), (cold
vulnerability 1), float, innate caster, HP casting, extra vitality 1
a: End Transformation


You were on level 8 of the Dungeon.
You were a venomous arachnid creature.
You visited 2 branches of the dungeon, and saw 9 of its levels.

You collected 283 gold pieces.

Inventory:

Hand Weapons
 a - a +2 dagger of venom (melded)
 b - a +1 short sword of protection
 f - a +0 mace
 o - a +3 quarterstaff
 u - a +0 long sword
 v - a +0 short sword
Missiles
 d - 7 boomerangs of dispersal
 k - 7 boomerangs
 l - 68 stones
 m - 5 poisoned darts
Armour
 i - a +2 cloak of preservation (melded)
 p - a +0 chain mail
 w - a +0 ring mail
 D - a +1 leather armour (melded)
 E - a +0 helmet (melded)
 G - a +0 pair of gloves (melded)
Jewellery
 j - a +5 ring of evasion (left front pincers)
 z - an amulet of the acrobat (around neck)
 B - a ring of ice (right front pincers)
Scrolls
 c - 3 scrolls of blinking
 g - 2 scrolls of enchant armour
 s - 2 scrolls of enchant weapon {unknown}
 t - a scroll of teleportation
 x - a scroll of immolation {unknown}
 y - 2 scrolls of magic mapping {unknown}
 C - a scroll of poison {unknown}
 F - a scroll of fog {unknown}
 H - a scroll of identify
Potions
 e - a potion of mutation {unknown}
 h - 2 potions of brilliance
 n - 2 potions of invisibility
 q - a potion of cancellation
 r - a potion of haste
 A - a potion of ambrosia {unknown}
 I - a potion of might


   Skills:
 - Level 2.0 Fighting
 - Level 1.9 Short Blades
 - Level 0.8 Throwing
 - Level 1.2 Armour
 - Level 2.5 Dodging
 + Level 8.6 Spellcasting


You knew the following spells:

 Your Spells              Type           Power      Damage    Failure   Level
a - Blink                 Tloc           64%        N/A       3%          2
b - Lesser Beckoning      Tloc           64%        N/A       3%          2
c - Vhi's Electric Charg  Tloc/Air       64%        N/A       4%          3
d - Teleport Other        Tloc           32%        N/A       4%          3
e - Manifold Assault      Tloc           32%        N/A       11%         4
f - Apportation           Tloc           64%        N/A       2%          1
g - Passwall              Tmut/Erth      26%        N/A       3%          2
h - Kindle Blastsparks    Fire/Tloc/Air  64%        2d15      4%          3
i - Spider Form           Tmut/Pois      32%        N/A       4%          3
Your spell library was empty.

Dungeon Overview and Level Annotations

Branches:
Dungeon (8/15)             Temple (1/1) D:4
   Lair: D:8-11

Altars:
Cheibriados
Dithmenos
Elyvilon
Fedhas
Gozag
Hepliaklqana
Qazlal
Uskayaw
Wu Jian
Xom
Yredelemnul
Zin

Annotations:
D:2 1 runed translucent door, Crazy Yiuf


Innate Abilities, Weirdness & Mutations

You are a venomous arachnid creature.
You have venomous fangs.
You are tiny and dextrous.
You are flying.
Your spellcasting is less reliable in this form.
Your armour is entirely melded.
You are incapable of wielding weapons or throwing items.
You are immune to sickness and miasma.
You are immune to poison.
((Your flesh is very heat resistant. (rF++)))
((You are vulnerable to cold. (rC-)))
You float through the air rather than walking.
You learn spells naturally, not from books.
Your magical power is your life essence.
You have superior vitality. (+4 MHP)


Message History

The wolf is severely wounded.
The wolf closely misses you. The wolf bites you.
You hit the wolf but do no damage.
The wolf looks as sick as possible!
The wolf is severely wounded.
The wolf completely misses you.
You hit the wolf but do no damage.
The wolf is almost dead.
You kill the wolf!
You hit the troll.
The troll is poisoned.
The troll is lightly wounded.
The orc wizard mumbles some strange words.
The orc wizard flickers and vanishes!
Deactivating autopickup; reactivate with Ctrl-A.
The troll closely misses you. The troll barely misses you.
The troll misses you.
You hit the troll.
The troll looks as sick as possible!
The troll is lightly wounded.
The troll completely misses you. x2; The troll misses you.
You barely miss the troll.
The troll is moderately wounded.
The troll misses you. The troll completely misses you. The troll misses you.
You barely miss the troll.
The troll is moderately wounded.
The troll bites you!
* * * LOW HITPOINT WARNING * * *
The troll completely misses you. The troll claws you!
* * * LOW HITPOINT WARNING * * *
You hit the troll.
The troll looks as sick as possible!
The troll is heavily wounded.
The troll bites you but does no damage. The troll completely misses you.
The troll claws you but does no damage.
You hit the troll but do no damage.
The troll is heavily wounded.
The troll misses you. x2; The troll closely misses you.
You hit the troll but do no damage.
The troll is heavily wounded.
The troll completely misses you. The troll misses you. x2
As you read the scroll of teleportation, it crumbles to dust.
You feel strangely unstable. The troll bites you!!
You die...

###..# # #.)..# #.
###....# #.###
.....## #....
##.....# #$...
#....#
##....###...########
...###......o{oTs..#
###.#.##############
o.T..## ######


You could see a troll (extremely poisoned), an orc warrior and an orc.

Vanquished Creatures
  Sigmund (D:2)
  A wyvern (D:8)
  A steam dragon (D:8)
  An ice beast (D:8)
  A wolf (D:8)
  A centaur (D:6)
  A phantom (D:6)
  A bullfrog (D:8)
  A scorpion (D:4)
  3 orc priests
  3 hounds
  A sleepcap (D:5)
  Natasha (thrice) (D:2 D:3)
  4 iguanas
  4 orc wizards
  Robin (D:2)
  7 adders
  2 white imps (D:5)
  An ufetubus (D:6)
  2 worms
  3 dart slugs
  9 orcs
  7 bats
  9 endoplasms
  A giant cockroach (D:2)
  13 goblins
  10 hobgoblins
  8 jackals
  6 kobolds
  6 quokkas
  7 ball pythons
  2 frilled lizards
  5 rats
  A spectral orc (D:3)
127 creatures vanquished.

Vanquished Creatures (others)
  2 fungi (D:2)
2 creatures vanquished.

Grand Total: 129 creatures vanquished

Notes
Turn   | Place    | Note
-------+----------+-------------------------------------------
     0 | D:1      | jimonade the Djinni Warper began the quest for the Orb.
     0 | D:1      | jimonade set off with the following spells memorised:
                  | Blink, Lesser Beckoning, Vhi's Electric Charge, Teleport
                  | Other, Manifold Assault.
     0 | D:1      | Reached XP level 1. HP: 18/18 MP: 0/0
    35 | D:1      | Reached XP level 2. HP: 22/23 MP: 0/0
   482 | D:1      | Reached XP level 3. HP: 20/28 MP: 0/0
   482 | D:1      | Learned a level 1 spell: Apportation
   687 | D:1      | Reached skill level 3 in Spellcasting
  1042 | D:2      | Noticed Sigmund
  1313 | D:2      | Found a faded altar of an unknown god.
  1413 | D:2      | Reached XP level 4. HP: 13/33 MP: 0/0
  1747 | D:2      | Found a runed translucent door.
  1754 | D:2      | Noticed Crazy Yiuf
  2178 | D:2      | Noticed Natasha
  2194 | D:2      | Killed Natasha
  2411 | D:2      | Noticed Natasha
  2454 | D:3      | HP: 1/33 [Natasha/magic dart (2)]
  2460 | D:3      | Killed Natasha
  2461 | D:3      | Reached skill level 4 in Spellcasting
  2461 | D:3      | Reached XP level 5. HP: 3/38 MP: 0/0
  2461 | D:3      | Learned a level 2 spell: Passwall
  2610 | D:3      | Noticed Natasha
  2736 | D:3      | Killed Natasha
  3229 | D:3      | Found a basalt altar of Yredelemnul.
  3421 | D:3      | Noticed Robin
  3449 | D:2      | Killed Robin
  3722 | D:2      | Killed Sigmund
  3723 | D:2      | Reached skill level 5 in Spellcasting
  3723 | D:2      | Reached XP level 6. HP: 26/43 MP: 0/0
  4147 | D:4      | Found a staircase to the Ecumenical Temple.
  4158 | D:4      | Reached XP level 7. HP: 49/49 MP: 0/0
  4158 | D:4      | Learned a level 3 spell: Kindle Blastsparks
  4172 | Temple   | Entered the Ecumenical Temple
  4959 | D:4      | Reached skill level 6 in Spellcasting
  5182 | D:5      | Entered Level 5 of the Dungeon
  5968 | D:5      | Found an opulent altar of Gozag.
  6290 | D:6      | Reached XP level 8. HP: 44/54 MP: 0/0
  6490 | D:6      | Reached skill level 7 in Spellcasting
  6738 | D:6      | Found a stormy altar of Qazlal.
  6750 | D:6      | You are sucked into a shaft and drop 2 floors!
  6769 | D:7      | Noticed a yak
  6769 | D:7      | Noticed a yak
  6769 | D:7      | Noticed a yak
  6785 | D:8      | Noticed a wyvern
  6805 | D:8      | Killed a wyvern
  6806 | D:8      | Reached skill level 8 in Spellcasting
  6817 | D:8      | Reached XP level 9. HP: 9/58 MP: 0/0
  6817 | D:8      | Learned a level 3 spell: Spider Form
  7100 | D:8      | Noticed a troll
  7176 | D:8      | HP: 2/58 [troll (13)]
  7180 | D:8      | Demolished by a troll

Illustrated notes

Levels and vault maps discovered:
D:1:      ncdulo_watergridlock, layout_loops_cross,
          nicolae_kite_square_tiling_tiny
D:2:      layout_basic, dreamdust_ecumenical_altar_angels_and_demons,
          uniq_natasha, uniq_crazy_yiuf_cottage, uniq_sigmund
D:3:      layout_loops_cross, yredelemnul_forgotten_temple_becter, uniq_robin
D:4:      layout_rooms, minmay_temple_entry_fiery, kennysheep_generic_room_5
D:5:      layout_loops_ring, nicolae_gozag_seed_capital
D:6:      layout_loops_cross, grunt_qazlal_sundering,
          hangedman_decor_diamond_cutter
D:7:      layout_cave_pools, lightli_temple_of_fire, marbit_many_paths,
          enter_bailey_4, uniq_joseph
D:8:      layout_loops_ring, nicolae_tso_carved_into_rock, erik_lair_island
Temple:   hellmonk_temple_flake

Skill      XL: |  1  2  3  4  5  6  7  8 |
---------------+-------------------------+-----
Spellcasting   | 3 4 5 6 8 |  8.6
Fighting       | |  2.0
Short Blades   | |  1.9
Throwing       | |  0.8
Armour         | |  1.2
Dodging        | |  2.5

Action                     |  1- 3 |  4- 6 |  7- 9 || total
---------------------------+-------+-------+-------++-------
  Melee: Short sword       |   196 |   200 |    41 ||   437
         Punch             |     1 |     1 |     3 ||     5
         Dagger            |       |    53 |   183 ||   236
         Unarmed           |       |       |    17 ||    17
  Throw: Stone             |       |     1 |       ||     1
   Cast: Blink             |       |    10 |     1 ||    11
         Vhi's Electric Ch |       |    12 |    17 ||    29
         Kindle Blastspark |       |       |    29 ||    29
         Spider Form       |       |       |     1 ||     1
    Use: Scroll            |       |     4 |     7 ||    11
 Armour: Leather armour    |    65 |    36 |    65 ||   166
         Skin              |       |       |     2 ||     2
  Dodge: Dodged            |   128 |   164 |   264 ||   556

Table legend: (Time is in decaauts)
 A = Elapsed time spent in this place.
 B = Non-inter-level travel time spent in this place.
 C = Inter-level travel time spent in this place.
 D = Time resting spent in this place.
 E = Time spent auto-exploring this place.
 F = Levels seen in this place.
 G = Mean time per level.
                   A        B        C        D        E       F      G
               +--------+--------+--------+--------+--------+-----+--------+
         Total |   7143 |   6769 |    374 |   1347 |   2873 |   9 |  793.7 |
       Dungeon |   6920 |   6555 |    365 |   1347 |   2671 |   8 |  865.0 |
        Temple |    222 |    213 |      9 |      0 |    202 |   1 |  222.0 |
               +--------+--------+--------+--------+--------+-----+--------+

Top non-repeatable levels by time:
     D:2: 1855 daAuts
     D:1: 1277 daAuts
     D:5: 1245 daAuts
     D:3: 1002 daAuts
     D:4: 824 daAuts
     D:8: 422 daAuts
     D:6: 291 daAuts
  Temple: 222 daAuts
     D:7: 2 daAuts
